 Dungeon Crawl Stone Soup version 0.21.1-1-g345015f (webtiles) character file.

43960 Supreme the Eclecticist (level 13, -1/72 HPs)
             Began as a Deep Elf Wizard on Apr 25, 2018.
             Was the Champion of Kikubaaqudgha.
             Slain by a black mamba (15 damage)
             ... on level 6 of the Lair of Beasts on Apr 26, 2018.
             The game lasted 06:02:43 (20204 turns).

Supreme the Eclecticist (Deep Elf Wizard)          Turns: 20204, Time: 06:02:44

Health: -1/72      AC:  7    Str:  4    XL:     13   Next: 93%
Magic:  18/47      EV: 15    Int: 29    God:    Kikubaaqudgha [******]
Gold:   1235       SH:  6    Dex: 13    Spells: 8/50 levels left

rFire    + . .     SeeInvis +   A - +8 whip "Snakebite" {curare, rPois}
rCold    + . .     Gourm    .   Y - +2 buckler
rNeg     + . .     Faith    .   J - +2 robe {rN+}
rPois    +         Spirit   .   F - +2 hat {SInv}
rElec    .         Reflect  .   B - scarf {rC+ rF+}
rCorr    .         Harm     .   G - +0 pair of gloves
MR       +....                  (no boots)
Stlth    ++++......             (no amulet)
HPRegen  0.22/turn              t - ring of magical power
MPRegen  0.30/turn              a - ring of flight

@: lethally poisoned (-1 -> -8)
A: no striking features
a: Receive Corpses, Torment, Brand Weapon With Pain, Receive Necronomicon,
Renounce Religion, Evoke Flight


You were on level 6 of the Lair of Beasts.
You worshipped Kikubaaqudgha.
Kikubaaqudgha was exalted by your worship.
You were not hungry.

You visited 3 branches of the dungeon, and saw 19 of its levels.
You also visited: Sewer, Ossuary and Ice Cave.

You collected 1235 gold pieces.

Inventory:

Hand Weapons
 o - a +1 hunting sling of flaming
 A - the +8 whip "Snakebite" (weapon) {curare, rPois}
   (You found it on level 3 of the Lair of Beasts)

   It poisons the flesh of those it strikes.
   It protects you from poison.
Missiles
 D - 367 stones (quivered)
Armour
 B - a scarf of resistance (worn)
 F - a +2 hat of see invisible (worn)
 G - a +0 pair of gloves (worn)
 J - a +2 robe of positive energy (worn)
 Y - a +2 buckler (worn)
Jewellery
 a - a ring of flight (right hand)
 t - a ring of magical power (left hand)
Wands
 e - a wand of polymorph (11)
 y - a wand of random effects (25)
 I - a wand of digging (10)
 M - a wand of flame (24)
 N - a wand of acid (22)
 P - a wand of iceblast (37)
 X - a wand of scattershot (6)
Scrolls
 b - 9 scrolls of teleportation
 f - a scroll of random uselessness {unknown}
 i - 2 scrolls of immolation
 k - 2 scrolls of fog
 s - a scroll of magic mapping
 H - 3 scrolls of blinking
Potions
 h - 4 potions of lignification
 l - 3 potions of heal wounds
 p - 2 potions of agility
 r - 3 potions of might
 u - 3 potions of ambrosia
 z - 6 potions of brilliance
 C - 7 potions of curing
 Z - 3 potions of haste
Miscellaneous
 g - a sack of spiders
 j - a crystal ball of energy
Comestibles
 c - 6 chunks of flesh
 d - 31 rations


   Skills:
 + Level 4.5 Fighting
   Level 1.0 Long Blades
 + Level 6.1 Dodging
 + Level 7.4 Stealth
 * Level 1.4 Shields
 + Level 19.4 Spellcasting
 + Level 9.1 Conjurations
 + Level 1.0 Hexes
 + Level 3.8 Charms
 - Level 5.0 Summonings
 + Level 13.7 Necromancy
 - Level 2.0 Translocations
 + Level 3.1 Fire Magic
 * Level 0.3 Ice Magic
 + Level 1.5 Air Magic
 + Level 1.4 Poison Magic
 + Level 0.4 Evocations


You had 8 spell levels left.
You knew the following spells:

 Your Spells              Type           Power        Failure   Level  Hunger
a - Magic Dart            Conj           ####         1%          1    None
b - Blink                 Tloc           N/A          1%          2    None
c - Call Imp              Summ           ######..     1%          2    None
d - Slow                  Hex            ####....     1%          2    None
e - Conjure Flame         Conj/Fire      ######..     1%          3    None
f - Mephitic Cloud        Conj/Pois/Air  ######..     1%          3    None
g - Animate Skeleton      Necr           N/A          0%          1    None
h - Sublimation of Blood  Necr           #######...   0%          2    None
i - Regeneration          Chrm/Necr      ######....   1%          3    None
j - Poisonous Vapours     Pois/Air       #####.       1%          2    None
k - Bolt of Draining      Conj/Necr      #######...   1%          5    None
l - Dispel Undead         Necr           #######.     1%          5    None
m - Agony                 Necr           #######.     1%          5    None
n - Simulacrum            Ice/Necr       ######....   16%         6    None


Dungeon Overview and Level Annotations

Branches:
Dungeon (12/15)            Temple (1/1) D:4            Lair (6/6) D:11
  Swamp (0/4) Lair:4        Snake (0/4) Lair:3          Orc (0/2) D:11
  Slime: Lair:5-6

Altars:
Ashenzari
Cheibriados
Dithmenos
Elyvilon
Fedhas
Gozag
Hepliaklqana
Kikubaaqudgha
Makhleb
Nemelex Xobeh
Okawaru
Qazlal
Ru
Sif Muna
Trog
Uskayaw
Vehumet
Wu Jian
Xom
Yredelemnul
Zin
The Shining One


Message History

Aiming: Bolt of Draining
Press: ? - help, Shift-Dir - straight line, p - spiny frog The bolt of negative energy hits the yak.
The yak is drained!
You kill the yak!
Kikubaaqudgha accepts your kill.
The bolt of negative energy misses the spiny frog.
You feel sick. The black mamba completely misses you.
The black mamba bites you!
Casting: Bolt of Draining
Confirm with . or Enter, or press ? or * to list all spells.
You blink.
A yak comes into view.
You feel sick. The black mamba bites you!
* * * LOW HITPOINT WARNING * * *
The yak gores you.
* * * LOW HITPOINT WARNING * * *
The black mamba bites you!
You die...
Kikubaaqudgha rasps: "You have failed me!
Welcome... death!"

.. .. .. . ...
.+# ...P ##.#
#...#
##..###Y....
#..§.#....
#.§SF..#
#..5@Y.+
#....Y......
##PP...#...#
#...#5#....#
#............
..............
####### ###
.## ##


You could see a black mamba, 3 yaks, a spiny frog and 2 friendly crimson imps.

Vanquished Creatures
  Gastronok (Lair:1)
  The ghost of azzavlup the Carver, a journeyman DsAK of Lugonu (D:11)
  4 hydras
  Erica (D:9)
  5 two-headed ogres
  A deep elf mage (D:12)
  A necromancer (IceCv)
  2 ugly things (D:11)
  2 cyclopes (D:12)
  A moth of wrath (D:7)
  17 elephants
  2 black mambas
  8 spiny frogs
  2 centaur skeletons
  2 kobold demonologists (D:6)
  10 freezing wraiths (IceCv)
  A rime drake (Lair:2)
  3 komodo dragons
  A troll (D:12)
  A queen bee (D:10)
  2 hippogriffs
  3 slime creatures (D:12)
  A dream sheep (Lair:4)
  5 blink frogs (Lair:1)
  9 yaks
  A basilisk (Lair:5)
  A wyvern (Lair:2)
  The ghost of Verendum the Twirler, an amateur MiGl (D:5)
  A wandering mushroom (Lair:2)
  A death yak simulacrum (IceCv)
  A hungry ghost (D:11)
  Menkaure (Ossuary)
  9 swamp worms (Lair:5)
  2 nagas (Lair:3)
  3 insubstantial wisps (Lair:4)
  13 water moccasins
  2 orc warriors
  6 porcupines
  2 sky beasts
  A black bear (D:10)
  10 ice beasts
  12 wolves
  3 ogres
  4 centaurs (D:12)
  7 crocodiles
  2 big kobolds
  5 bullfrogs
  2 scorpions
  An elephant simulacrum (IceCv)
  10 wights
  18 killer bees
  5 howler monkeys
  2 crimson imps
  2 draconian simulacra (IceCv)
  2 quasits
  A jelly (D:10)
  3 hounds
  3 orc wizards
  Crazy Yiuf (D:3)
  8 orc priests
  A bullfrog skeleton (D:4)
  A gnoll shaman (D:7)
  Ijyb (D:3)
  An iguana (D:4)
  8 worker ants
  6 spriggan simulacra (IceCv)
  2 troll simulacra (IceCv)
  A polar bear simulacrum (IceCv)
  A wolf simulacrum (IceCv)
  2 centaur simulacra (IceCv)
  A hound skeleton (D:8)
  2 howler monkey zombies (D:5)
  3 mummies (Ossuary)
  4 gnolls
  A howler monkey skeleton (D:10)
  11 adders
  4 naga simulacra (IceCv)
  4 ogre simulacra (IceCv)
  3 shadow imps
  17 white imps
  3 oozes (Sewer)
  2 adder skeletons (D:4)
  15 worms
  8 leopard geckos
  12 orcs
  6 ball pythons
  2 giant cockroaches (Sewer)
  4 goblins
  8 hobgoblins
  7 jackals
  14 kobolds
  2 quokkas
  11 bats
  15 frilled lizards
  A gnoll skeleton (Ossuary)
  A goblin skeleton (Ossuary)
  A hobgoblin zombie (Ossuary)
  A kobold skeleton (Ossuary)
  A kobold zombie (Ossuary)
  A leopard gecko skeleton (D:3)
  An orc zombie (Ossuary)
  18 rats
  A rat skeleton (Ossuary)
  3 rat zombies (Ossuary)
  A plant (Lair:5)
445 creatures vanquished.

Vanquished Creatures (collateral kills)
  A hydra (D:12)
  2 elephants (Lair:4)
  A black mamba (Lair:3)
  2 spiny frogs (Lair:3)
  A komodo dragon (Lair:5)
  A troll (D:10)
  Grinder (D:5)
  3 dream sheep (Lair:4)
  4 hippogriffs
  Sigmund (D:5)
  A basilisk (Lair:5)
  A yak (Lair:3)
  A wyvern (Lair:4)
  Edmund (D:5)
  5 water moccasins
  2 porcupines
  2 ice beasts
  A black bear (D:10)
  A phantom (D:11)
  2 wolves (Lair:3)
  3 crocodiles
  2 centaurs
  A big kobold (D:9)
  13 bullfrogs
  A killer bee (D:9)
  2 howler monkeys
  A crimson imp (D:5)
  2 jellies
  2 orc wizards (D:7)
  2 iguanas
  3 worker ants
  5 adders
  2 gnolls
  A shadow imp (D:10)
  7 white imps
  7 oozes (Sewer)
  A worm (D:5)
  7 leopard geckos
  11 orcs
  9 giant cockroaches
  A gnoll zombie (Ossuary)
  A goblin (D:2)
  12 ball pythons (Sewer)
  7 frilled lizards (Sewer)
  A gnoll skeleton (Ossuary)
  2 goblin skeletons (Ossuary)
  A hobgoblin skeleton (Ossuary)
  2 hobgoblin zombies (Ossuary)
  5 kobolds (D:9)
  A kobold skeleton (Ossuary)
  A kobold zombie (Ossuary)
  An orc skeleton (Ossuary)
  An orc zombie (Ossuary)
  A rat skeleton (Ossuary)
  A rat zombie (Ossuary)
  2 fungi
  2 plants (Lair:5)
158 creatures vanquished.

Vanquished Creatures (others)
  A gnoll zombie (Ossuary)
  3 gnoll skeletons (Ossuary)
  2 goblin skeletons (Ossuary)
  2 goblin zombies (Ossuary)
  2 hobgoblin skeletons (Ossuary)
  A hobgoblin zombie (Ossuary)
  2 kobold skeletons (Ossuary)
  3 kobold zombies (Ossuary)
  3 orc skeletons (Ossuary)
  2 orc zombies (Ossuary)
  2 rat skeletons (Ossuary)
  4 rat zombies (Ossuary)
  3 fungi
  2 plants
32 creatures vanquished.

Grand Total: 635 creatures vanquished

Notes
Turn   | Place    | Note
-------+----------+-------------------------------------------
     0 | D:1      | Supreme the Deep Elf Wizard began the quest for the Orb.
     0 | D:1      | Reached XP level 1. HP: 10/10 MP: 7/7
   246 | D:1      | Reached XP level 2. HP: 12/15 MP: 3/9
   249 | D:1      | Reached skill level 5 in Spellcasting
  1021 | D:2      | Reached XP level 3. HP: 16/19 MP: 9/11
  1025 | D:2      | Learned a level 2 spell: Blink
  1028 | D:2      | Learned a level 2 spell: Call Imp
  1031 | D:2      | Learned a level 2 spell: Slow
  1035 | D:2      | Learned a level 3 spell: Conjure Flame
  1526 | D:2      | Reached skill level 6 in Spellcasting
  1526 | D:2      | Reached XP level 4. HP: 17/24 MP: 10/14
  1531 | D:2      | Learned a level 3 spell: Mephitic Cloud
  1972 | D:2      | Found a blossoming altar of Fedhas.
  2135 | D:3      | Noticed Ijyb
  2167 | D:3      | Killed Ijyb
  2167 | D:3      | Reached XP level 5. HP: 28/28 MP: 15/15
  2741 | D:3      | Found a runed door.
  2828 | D:3      | Noticed Crazy Yiuf
  2858 | D:3      | Killed Crazy Yiuf
  2935 | D:4      | Found a glowing drain.
  3026 | Sewer    | Entered a sewer
  3129 | Sewer    | Reached skill level 7 in Spellcasting
  3374 | Sewer    | Reached XP level 6. HP: 30/32 MP: 18/18
  3804 | D:4      | Found a staircase to the Ecumenical Temple.
  3855 | Temple   | Entered the Ecumenical Temple
  3913 | Temple   | Became a worshipper of Kikubaaqudgha
  4272 | D:4      | Reached skill level 8 in Spellcasting
  4470 | D:5      | Entered Level 5 of the Dungeon
  4516 | D:5      | Reached XP level 7. HP: 37/37 MP: 20/20
  4546 | D:5      | Found an iron altar of Okawaru.
  4815 | D:5      | Noticed Grinder
  4841 | D:5      | Paralysed by Grinder for 2 turns
  4877 | D:5      | Killed Grinder
  4960 | D:5      | Noticed Edmund
  4990 | D:5      | Killed Edmund
  5027 | D:5      | Noticed Verendum's ghost (amateur MiGl)
  5135 | D:5      | Noticed Sigmund
  5165 | D:5      | Killed Sigmund
  5165 | D:5      | Reached skill level 9 in Spellcasting
  5403 | D:5      | Killed Verendum's ghost
  5403 | D:5      | Reached skill level 1 in Fighting
  5403 | D:5      | Reached XP level 8. HP: 43/43 MP: 21/23
  5827 | D:6      | Found a transporter.
  5841 | D:6      | Noticed a kobold demonologist
  5852 | D:6      | Found a transporter.
  6067 | D:6      | Reached skill level 5 in Summonings
  6239 | D:6      | Reached skill level 10 in Spellcasting
  6366 | D:6      | Noticed a kobold demonologist
  6508 | D:6      | Reached * piety under Kikubaaqudgha
  6508 | D:6      | Identified Kikubaaqudgha's Catalogue of Dark Arts (Kikubaaqudgha gifted it to you on level 6 of the Dungeon)
  6508 | D:6      | Received a gift from Kikubaaqudgha
  6512 | D:6      | Learned a level 1 spell: Animate Skeleton
  6515 | D:6      | Learned a level 2 spell: Sublimation of Blood
  6519 | D:6      | Learned a level 3 spell: Regeneration
  6729 | D:7      | Reached skill level 5 in Stealth
  6761 | D:7      | Found a hide-covered altar of Uskayaw.
  6766 | D:7      | Got a distressingly furry ring mail
  6852 | D:7      | Noticed a hippogriff
  6864 | D:7      | Found a sand-covered staircase.
  6869 | D:7      | Killed a hippogriff
  6869 | D:7      | Reached skill level 1 in Necromancy
  6869 | D:7      | Reached skill level 1 in Fire Magic
  6869 | D:7      | Reached XP level 9. HP: 26/50 MP: 24/25
  6978 | Ossuary  | Entered an ossuary
  7232 | Ossuary  | Noticed Menkaure
  7278 | Ossuary  | Killed Menkaure
  7329 | D:7      | Identified the +0 ring mail of Resourcefulness {rElec rN+++ Str-3 Stlth+} (You found it on level 7 of the Dungeon)
  7449 | D:7      | Reached skill level 11 in Spellcasting
  7499 | D:7      | Found a stormy altar of Qazlal.
  7560 | D:7      | Reached ** piety under Kikubaaqudgha
  7670 | D:7      | Reached skill level 1 in Hexes
  7964 | D:7      | You fall through a shaft!
  8097 | D:8      | Reached skill level 12 in Spellcasting
  8200 | D:8      | Noticed a two-headed ogre
  8219 | D:8      | Killed a two-headed ogre
  8219 | D:8      | Reached skill level 5 in Conjurations
  8255 | D:8      | Found a snail-covered altar of Cheibriados.
  8324 | D:8      | Noticed a two-headed ogre
  8354 | D:8      | Killed a two-headed ogre
  8354 | D:8      | Reached XP level 10. HP: 25/56 MP: 2/28
  8511 | D:8      | Found a hazy altar of Hepliaklqana.
  8530 | D:8      | Reached skill level 1 in Charms
  8535 | D:8      | Found a white marble altar of Elyvilon.
  8535 | D:8      | Found a sparkling altar of Nemelex Xobeh.
  8744 | D:8      | Noticed a two-headed ogre
  8765 | D:8      | Noticed a two-headed ogre
  8767 | D:8      | Killed a two-headed ogre
  8767 | D:8      | Reached skill level 13 in Spellcasting
  8774 | D:8      | Killed a two-headed ogre
  8774 | D:8      | Reached skill level 5 in Necromancy
  9003 | D:8      | Reached skill level 1 in Air Magic
  9129 | D:9      | Learned a level 2 spell: Poisonous Vapours
  9143 | D:9      | Found a shadowy altar of Dithmenos.
  9165 | D:9      | Noticed Erica
  9176 | D:9      | Killed Erica
  9176 | D:9      | Reached skill level 1 in Poison Magic
  9417 | D:9      | Reached skill level 14 in Spellcasting
  9576 | D:9      | Reached *** piety under Kikubaaqudgha
  9576 | D:9      | Identified Kikubaaqudgha's Tome of Black Arts (Kikubaaqudgha gifted it to you on level 9 of the Dungeon)
  9576 | D:9      | Received a gift from Kikubaaqudgha
  9584 | D:9      | Learned a level 5 spell: Bolt of Draining
  9590 | D:9      | Learned a level 5 spell: Dispel Undead
  9596 | D:9      | Learned a level 5 spell: Agony
  9817 | D:10     | Entered Level 10 of the Dungeon
 10452 | D:11     | Noticed a purple ugly thing
 10466 | D:11     | Killed a purple ugly thing
 10515 | D:11     | Reached XP level 11. HP: 58/60 MP: 31/31
 10516 | D:11     | Noticed azzavlup's ghost (journeyman DsAK)
 10536 | D:11     | Killed azzavlup's ghost
 10548 | D:11     | Found a staircase to the Orcish Mines.
 10597 | D:11     | Noticed a red ugly thing
 10611 | D:11     | Killed a red ugly thing
 10632 | D:11     | Found a frozen archway.
 10789 | D:11     | Reached **** piety under Kikubaaqudgha
 10839 | D:11     | Found a staircase to the Lair.
 10849 | IceCv    | Entered an ice cave
 11084 | IceCv    | Reached skill level 15 in Spellcasting
 11307 | IceCv    | Found an ancient bone altar of Kikubaaqudgha.
 11367 | IceCv    | Reached skill level 5 in Dodging
 11496 | IceCv    | Reached skill level 1 in Long Blades
 11529 | IceCv    | Reached ***** piety under Kikubaaqudgha
 11725 | IceCv    | Noticed a necromancer
 11748 | IceCv    | Killed a necromancer
 12347 | D:11     | You fall through a shaft!
 12367 | D:12     | Reached skill level 10 in Necromancy
 12611 | D:11     | Noticed a four-headed hydra
 12616 | D:11     | Killed a four-headed hydra
 12616 | D:11     | Reached skill level 16 in Spellcasting
 12760 | D:12     | Reached XP level 12. HP: 42/66 MP: 17/34
 12873 | D:12     | Noticed a six-headed hydra
 12878 | D:12     | Killed a six-headed hydra
 12879 | D:12     | Noticed a two-headed ogre
 12882 | D:12     | Killed a two-headed ogre
 12948 | D:12     | Noticed a four-headed hydra
 12959 | D:12     | Killed a four-headed hydra
 13887 | Lair:1   | Entered Level 1 of the Lair of Beasts
 14003 | Lair:1   | Reached skill level 17 in Spellcasting
 14371 | Lair:1   | Noticed Gastronok
 14376 | Lair:1   | Killed Gastronok
 14560 | Lair:1   | Noticed a five-headed hydra
 14572 | Lair:1   | Killed a five-headed hydra
 14786 | Lair:2   | Reached ****** piety under Kikubaaqudgha
 14892 | Lair:2   | Reached XP level 13. HP: 56/70 MP: 17/36
 15053 | Lair:2   | Got a vibrating ivory amulet
 15054 | Lair:2   | Identified the amulet of Eternity {Harm *Drain rPois Str+4} (You found it on level 2 of the Lair of Beasts)
 15217 | Lair:2   | Reached skill level 18 in Spellcasting
 15766 | Lair:3   | Found a staircase to the Snake Pit.
 16503 | Lair:3   | Found the +8 whip "Snakebite" {curare, rPois}
 16756 | Lair:4   | Got a twisted quarterstaff
 16956 | Lair:4   | Found a staircase to the Swamp.
 17054 | Lair:4   | Reached skill level 19 in Spellcasting
 17169 | Lair:4   | Got a translucent quarterstaff
 17518 | Lair:5   | Identified the +4 quarterstaff of Keikhas {elec, +Rage rPois Dex+6} (You found it on level 4 of the Lair of Beasts)
 17955 | Lair:5   | Reached skill level 1 in Shields
 18824 | D:7      | Found a bloodstained altar of Trog.
 19339 | D:11     | Learned a level 6 spell: Simulacrum
 20196 | Lair:6   | Entered Level 6 of the Lair of Beasts
 20204 | Lair:6   | Slain by a black mamba

Skill      XL: |  1  2  3  4  5  6  7  8  9 10 11 12 13 |
---------------+----------------------------------------+-----
Spellcasting   | 5 6 7 8 9 10 12 14 16 17 19 | 19.4
Conjurations   | 2 3 4 5 6 8 9 |  9.1
Stealth        | 3 4 5 6 7 |  7.4
Dodging        | 3 4 5 6 |  6.1
Summonings     | 2 4 5 |  5.0
Fighting       | 1 3 4 |  4.5
Necromancy     | 1 4 6 10 12 13 | 13.7
Fire Magic     | 1 2 3 |  3.1
Hexes          | 1 |  1.0
Translocations | 2 |  2.0
Charms         | 1 2 3 |  3.8
Air Magic      | 1 |  1.5
Poison Magic   | 1 |  1.4
Long Blades    | 1 |  1.0
Shields        | 1 |  1.4
Ice Magic      | |  0.3
Evocations     | |  0.4

Action                   |  1- 3 |  4- 6 |  7- 9 | 10-12 | 13-15 || total
-------------------------+-------+-------+-------+-------+-------++-------
Melee: Dagger            |    14 |     8 |       |    80 |    32 ||   134
       Spear             |    10 |   129 |       |       |       ||   139
       Quarterstaff      |       |     1 |       |       |       ||     1
       Trident           |       |     9 |    95 |       |       ||   104
       Rapier            |       |     8 |    21 |     2 |       ||    31
       Mace              |       |       |    16 |       |       ||    16
       Flail             |       |       |    11 |       |       ||    11
       Short sword       |       |       |       |     9 |       ||     9
       Scimitar          |       |       |       |    97 |       ||    97
       Whip              |       |       |       |       |    52 ||    52
 Fire: Hunting sling     |       |    33 |   192 |    32 |    15 ||   272
 Cast: Magic Dart        |    91 |   122 |   144 |   240 |   110 ||   707
       Call Imp          |     3 |    47 |    63 |    61 |    11 ||   185
       Conjure Flame     |     2 |    14 |    40 |    36 |     5 ||    97
       Mephitic Cloud    |       |     1 |     5 |     2 |     1 ||     9
       Blink             |       |     6 |     4 |    17 |    12 ||    39
       Animate Skeleton  |       |       |    14 |    44 |    57 ||   115
       Regeneration      |       |       |     5 |    50 |    18 ||    73
       Slow              |       |       |     3 |     1 |       ||     4
       Poisonous Vapours |       |       |       |    17 |       ||    17
       Agony             |       |       |       |    23 |    14 ||    37
       Bolt of Draining  |       |       |       |    80 |   107 ||   187
       Dispel Undead     |       |       |       |    48 |       ||    48
       Sublimation of Bl |       |       |       |    56 |    21 ||    77
       Simulacrum        |       |       |       |       |     1 ||     1
Invok: Receive Corpses   |       |       |       |       |     3 ||     3
 Abil: Evoke Flight      |       |       |       |       |     2 ||     2
Evoke: Wand              |       |       |       |     8 |     6 ||    14
  Use: Scroll            |       |     9 |     7 |    14 |     3 ||    33
       Potion            |       |       |       |     6 |     2 ||     8
 Stab: Sleeping          |     3 |     2 |     5 |     5 |     5 ||    20
       Distracted        |     1 |       |     1 |     2 |       ||     4
  Eat: Chunk             |     2 |     9 |    13 |    23 |    20 ||    67
       Ration            |       |       |       |     1 |       ||     1
Armor: Robe              |     8 |    22 |    20 |    87 |    23 ||   160
Dodge: Dodged            |    14 |   103 |    49 |   214 |    89 ||   469
Block: Buckler           |       |       |       |       |     6 ||     6
       Rpst.: Scimitar   |       |       |       |    19 |       ||    19
